[Event "Summer Chess Classic-A 2022"]
[Site "Saint Louis"]
[Date "2022.06.04"]
[Round "3.1"]
[White "Yu, Yangyi"]
[Black "Robson, Ray"]
[Result "0-1"]
[ECO "E53"]
[WhiteElo "2710"]
[BlackElo "2684"]
[Annotator "TA"]
[PlyCount "183"]
[EventDate "2022.05.31"]
[EventType "tourn"]
[EventCountry "USA"]
[SourceTitle "playchess.com"]
[Source "ChessBase"]
[SourceQuality "1"]
[TimeControl "40/5400+30:1800+30"]

1. d4 Nf6 2. c4 e6 3. Nc3 Bb4 4. e3 O-O 5. Bd3 c5 6. Nf3 d5 7. cxd5 exd5 8. dxc5 Bg4 9. O-O Bxc5 10. h3 Bh5 11. b3 Nc6 12. Bb2 a6 13. Be2 Qd6 14. Nh4 Bg6 15. Nxg6 hxg6 16. Bf3 Rad8 17. Ne2 Ba3 18. Qc1 Bxb2 19. Qxb2 Ne5 20. Nd4 Rc8 21. Be2 Rc7 22. Rac1 Rfc8 23. Nf3 Nxf3+ 24. Bxf3 a5 25. Rfd1 (25. Rxc7 $14 Rxc7 26. Rd1) 25... Rxc1 $1 $11 26. Rxc1 Rxc1+ 27. Qxc1 Qb4 28. g3 Ne4 29. Qc8+ Kh7 30. Kg2 Qd2 (30... f5 $11 {keeps the balance.}) 31. Bxe4 $16 dxe4 32. Qxb7 Qxa2 33. Qxe4 (33. Qxf7 $6 a4 $11) 33... Qxb3 34. Qh4+ Kg8 35. Qd8+ Kh7 36. Qxa5 Qb7+ 37. Kh2 Qb2 {[%emt 0:02:50] [#]} 38. Qe1 $1 g5 39. Kg1 Qc2 40. Qa1 Qf5 41. Qa2 f6 42. Kh2 g4 43. hxg4 Qxg4 44. Qd5 f5 45. Kg2 Qg6 46. f3 Qf6 47. g4 g6 48. Kg3 Qe7 49. Qd4 (49. gxf5 Qg5+ 50. Kf2 gxf5 $16) 49... Qc7+ 50. Qf4 Qc5 51. Kh4 Qe7+ 52. Kh3 Qe6 53. Kg3 (53. g5 $16) 53... fxg4 $11 54. fxg4 Kg8 55. Qd4 Qe7 56. Kf4 Qh4 57. Qd5+ Kg7 58. Qd4+ Kh7 59. Qb2 Qh6+ 60. Ke4 Qh4 61. Qe2 Kh6 62. Kf4 Qf6+ 63. Kg3 Qe5+ 64. Kh3 Qe4 65. Qf2 Kg7 66. Kg3 Qe5+ 67. Qf4 Qa5 68. Qd4+ Kh7 69. Kf4 Qc7+ 70. Qe5 Qd8 71. g5 Kg8 72. Qf6 Qc7+ 73. Kf3 Kh7 74. e4 Qh2 (74... Qd7 $1 $11) 75. e5 (75. Qf7+ $6 Kh8 $16) (75. Qe7+ $14 {was preferrable.} Kg8 76. Qe6+ Kh7 77. Qf7+ Kh8 78. Qf6+ (78. Qxg6 Qf2+ 79. Kg4 Qf4+ 80. Kh5 Qf3+ 81. Kh4 Qf2+ 82. Kg4 Qe2+ 83. Kg3 Qe3+ 84. Kh4 Qf2+ 85. Kh3 Qf3+ 86. Kh4 Qf4+ 87. Kh5 Qf3+ 88. Kh6 Qh1+ 89. Qh5 Qxe4 $11) 78... Kh7 79. Ke3 (79. Qf7+ Kh8 $16)) 75... Qh1+ 76. Ke3 Qg1+ 77. Ke4 Qb1+ 78. Kd5 Kg8 ({Black should try} 78... Qb7+ $11 79. Ke6 Qc6+ 80. Kf7 Qd7+ 81. Qe7 (81. Kf8 Qc8+ 82. Kf7 Qf8+ 83. Ke6 Qc8+ 84. Kd5 Qb7+ 85. Qc6 Qe7 $16) 81... Qf5+ 82. Ke8+ Kg8) 79. Qd8+ $14 Kg7 80. Kd6 (80. Qf6+ Kg8 81. Kc6 Qh1+ 82. Kc7 Qe4 83. Qe6+ (83. e6 Qc4+ 84. Kd8 Qd5+ 85. Ke8 Qb5+ 86. Ke7 Qc5+ 87. Kd7 Qd5+ 88. Kc8 Qc5+ 89. Kb8 Qb5+ 90. Kc7 Qc5+ 91. Kd8 Qd5+ 92. Ke8 Qb5+ 93. Kd8 Qd5+ $11) 83... Kg7 $18) 80... Qb4+ (80... Qd3+ $16 81. Ke7 Qf5) 81. Kd7 $18 Qa4+ (81... Qd4+ 82. Ke8 Qb2 83. Qc7+ Kg8 84. Qf7+ Kh8 85. Kf8 Qb8+ 86. Qe8) 82. Ke7 Qf4 {[%emt 0:00:24] [#]} 83. Qd6 $1 Kh7 $2 (83... Qf8+ $16 84. Kd7 Qf5+ 85. Ke8 Kg8 86. Qd5+ Kh8) 84. Ke8 Qe4 85. e6 Kg8 86. Qf8+ Kh7 87. Qf7+ Kh8 88. Qd7 (88. Kf8 $142 Qb4+ 89. Qe7 (89. e7 Qxe7+ 90. Kxe7 $11) 89... Qf4+ 90. Qf6+ Qxf6+ 91. gxf6 Kh7 92. f7 Kh6 93. Kg8) 88... Kg8 89. Qd6 $2 (89. Kd8 {mates} Qa8+ 90. Qc8 Qa3 91. Kd7+ (91. e7 Qd6+ 92. Ke8 Qd5 $18) 91... Kg7 92. Qb7 (92. e7 Qd3+ 93. Ke8 Qb5+ 94. Kd8 Qb6+ 95. Kd7 Qd4+ 96. Ke8 Qa4+ 97. Kd8 Qd4+ 98. Kc7 Qe5+ 99. Kd8 Qd4+ 100. Kc7 Qc4+ 101. Kb8 Qb5+ 102. Ka8 Qa4+ 103. Kb8 Qb5+ 104. Qb7 Qe5+ 105. Qc7 Qb5+ 106. Ka8 Qa4+ 107. Kb8 Qb5+ 108. Ka7 Kf7 $11) 92... Kg8 93. Qb8+ Kh7 94. Qd6 Qa4+ 95. Kd8) 89... Qa8+ $2 (89... Qa4+ $11 90. Qd7 Qa8+ 91. Qd8 Qb7) 90. Ke7 $2 (90. Qd8 $18 Qb7 91. Qa5) 90... Qa7+ $1 $11 91. Kd8 Qa8+ 92. Kd7 0-1

[Event "Summer Chess Classic-A 2022"]
[Site "Saint Louis"]
[Date "2022.06.04"]
[Round "3.2"]
[White "Smirin, Ilia"]
[Black "Oparin, Grigoriy"]
[Result "1/2-1/2"]
[ECO "C65"]
[WhiteElo "2599"]
[BlackElo "2685"]
[Annotator "TA"]
[PlyCount "179"]
[EventDate "2022.05.31"]
[EventType "tourn"]
[EventCountry "USA"]
[SourceTitle "playchess.com"]
[Source "ChessBase"]
[SourceQuality "1"]
[TimeControl "40/5400+30:1800+30"]

1. e4 e5 2. Nf3 Nc6 3. Bb5 Nf6 4. d3 Bc5 5. c3 d5 6. Nxe5 {[%emt 0:02:20] C65: Ruy Lopez: Berlin Defence (3...Nf6), unusual lines and 4 0-0 Bc5.} O-O $1 7. Bxc6 bxc6 8. O-O ({Of course not} 8. Nxc6 Qe8 9. Na5 Ba6 $15) 8... dxe4 9. d4 Bd6 10. Bg5 h6 11. Bh4 Ba6 12. Re1 (12. Ng4 $5 Be7 13. Bxf6 Bxf6 14. Re1 $11) 12... Bxe5 13. dxe5 Qxd1 14. Rxd1 Ng4 15. Nd2 Nxe5 16. Nxe4 Nd3 $1 {[%emt 0:00:11] Prevents Nc5. next ...g5 is good for Black.} 17. Be7 {[%emt 0:01:34] [#]} Nxb2 $146 ({Predecessor:} 17... Rfe8 18. Nc5 Rxe7 19. Nxd3 Bxd3 20. Rxd3 Re2 21. b3 Rae8 22. Kf1 Rb2 23. Re1 Rxe1+ 24. Kxe1 Rxa2 {½-½ (30) Navara,D (2726)-Grischuk,A (2785) Antalya 2017}) 18. Rd7 Rfc8 19. Nc5 {[%emt 0:03:18] Against Na4} Bc4 20. h3 Bd5 21. Na6 Na4 $1 22. Bb4 Be6 (22... Bc4 $5 23. Nxc7 Rd8 $15) 23. Re7 c5 (23... Bc4 $5 24. Nxc7 Rab8 $15) 24. Nxc5 Nxc5 25. Bxc5 a5 26. a4 Ra6 27. Re1 Rc6 28. Re5 Rd8 29. Bd4 Kf8 30. Bc5 {[%emt 0:00:32] [#]} Rxc5 31. R7xe6 Rxc3 $17 {[%emt 0:00:08][%mdl 4096] Endgame KRR-KRR} ({Much less strong is} 31... fxe6 32. Rxc5 Rd5 33. Rxc7 $14) 32. Ra6 g6 33. Raxa5 Rd1+ 34. Kh2 Rc2 $1 35. Rac5 Rxf2 36. Re3 Rdd2 37. Rg3 {[%emt 0:00:11] [#]} Ra2 $1 38. Rxc7 Rxa4 39. Rcc3 Raf4 40. Rgd3 Kg7 41. Kg3 h5 42. Rf3 R2xf3+ 43. gxf3 {[%emt 0:00:07] KR-KR} g5 44. Rc5 Kg6 45. Rc6+ f6 46. Rc5 Rd4 47. Rc2 h4+ 48. Kf2 Kf5 49. Rc5+ Kf4 50. Rc2 {[%emt 0:00:01] Inhibits Rd2+.} f5 51. Ra2 Ke5 52. Re2+ {[%emt 0:03:10] [#]} Kd5 (52... Kf6 $1 $17 53. Ra2 Rd3 54. Ra6+ Ke5) 53. Ra2 (53. Re7 $11) 53... Rc4 54. Rd2+ Kc5 (54... Ke6 $17 55. Ra2 Ke5) 55. Ra2 (55. Rd8 $11 {remains equal.}) 55... Rb4 ({Better is} 55... Kd6 $17 56. Ke2 Ke5) 56. Rc2+ (56. Ra8 $11) 56... Kd4 57. Rd2+ Kc4 58. Ra2 f4 59. Ke2 Kc3 60. Ra3+ Kd4 61. Ra2 Rb5 62. Ra4+ Kc3 63. Ra3+ Kc4 {[%emt 0:00:34] aiming for ...Rb2+.} 64. Ra2 {[%emt 0:00:52] Prevents Rb2+.} Re5+ 65. Kf2 Rc5 66. Ke2 Kd4 67. Rd2+ Kc3 {[%emt 0:00:05] ...Re5+ is the strong threat.} 68. Rd3+ Kc4 {[%emt 0:00:06] Hoping for ...Re5+.} 69. Rd8 Re5+ 70. Kf2 Rd5 71. Rc8+ Kd3 72. Ra8 Kc2 73. Rc8+ Kd1 74. Rg8 Rc5 75. Rd8+ Kc1 76. Rg8 Rc2+ ({Black should play} 76... Kd2 $17 77. Re8 Ra5) 77. Ke1 $11 {[%emt 0:00:15] The position is equal.} Rg2 78. Rc8+ Kb2 79. Rc5 Kb3 80. Kf1 Kb4 81. Rf5 Rg3 $1 82. Kf2 Kc4 83. Ra5 Kd4 84. Rb5 Rxh3 {[%emt 0:00:20] White must now prevent ...Rh2+.} 85. Rxg5 Rh2+ 86. Kg1 Rd2 {[%emt 0:04:14] Strongly threatening ...Ke3.} 87. Rg4 Ke3 88. Rxh4 Rd8 89. Kf1 Rd7 90. Rh8 {[%emt 0:00:22] Weighted Error Value: White=0.15 (very precise) /Black=0.08 (flawless)} 1/2-1/2

[Event "Summer Chess Classic-A 2022"]
[Site "Saint Louis"]
[Date "2022.06.04"]
[Round "3.3"]
[White "Theodorou, Nikolas"]
[Black "Gledura, Benjamin"]
[Result "1/2-1/2"]
[ECO "D02"]
[WhiteElo "2567"]
[BlackElo "2644"]
[Annotator "TA"]
[PlyCount "98"]
[EventDate "2022.05.31"]
[EventType "tourn"]
[EventCountry "USA"]
[SourceTitle "playchess.com"]
[Source "ChessBase"]
[SourceQuality "1"]
[TimeControl "40/5400+30:1800+30"]

1. d4 Nf6 2. Nf3 g6 3. Nbd2 d5 4. b4 Bg7 5. e3 O-O 6. Be2 {[%emt 0:00:09] D02: 1 d4 d5 2 Nf3 sidelines, including 2...Nf6 3 g3 and 2...Nf6 3 Bf4.} Bg4 7. O-O Nbd7 8. c4 {[%emt 0:04:29] White has an edge.} c6 9. a4 Re8 10. Bb2 e6 11. b5 {[%emt 0:13:57] [#]} (11. h3 $14 Bxf3 12. Nxf3 (12. Bxf3 Bf8 $14)) 11... Rc8 $146 (11... Ne4 $11 {is superior.}) ({Predecessor:} 11... c5 12. h3 Bxf3 13. Nxf3 cxd4 14. Nxd4 e5 15. Nb3 dxc4 16. Bxc4 Rc8 17. Qe2 Nb6 {½-½ (42) Zhao,H (1809)-Pan,C (1975) Windsor 2016}) 12. Rc1 c5 13. h3 Bxf3 14. Bxf3 cxd4 15. exd4 (15. Bxd4 {looks sharper.} a6 16. cxd5 Rxc1 17. Qxc1 Nxd5 18. Bxg7 Kxg7 19. bxa6 bxa6 20. Rd1) 15... b6 {[%emt 0:00:30] Inhibits c5.} 16. Re1 Bh6 17. Rc2 Rc7 18. Nb1 Qc8 ({Resist} 18... dxc4 19. Bc6 $16) 19. Na3 Bf8 20. cxd5 Rxc2 21. Nxc2 Nxd5 22. Ne3 N7f6 23. Qb3 Qd7 24. Nc4 Rc8 25. Ne5 Qd6 26. Rc1 Rxc1+ 27. Bxc1 Ne7 28. Qc4 Nfd5 29. g3 Qc7 30. Bxd5 (30. Qxc7 $14 {should be considered.} Nxc7 31. Kf1) 30... Nxd5 $11 31. Qxc7 Nxc7 $14 {[%emt 0:00:02][%mdl 4096] Endgame KBN-KBN} 32. Bf4 Nd5 33. Bd2 Nc7 34. Bf4 Nd5 35. Bd2 Nc7 36. Kf1 f6 37. Nc6 a5 38. Bf4 Nd5 39. Nd8 Nc3 ({Don't play} 39... Nxf4 40. gxf4 Bd6 41. Nxe6 $11) 40. Nxe6 Nxa4 41. Bd2 {[%emt 0:22:03] Prevents Nc3.} (41. Ke2 $1 $15 Nc3+ 42. Kd3 Nxb5 43. Kc4) 41... Kf7 42. Nc7 Nb2 43. Bc3 (43. Nd5 $15) 43... Nc4 44. Ke2 Be7 {[%emt 0:02:45] And now ...Bd8 would win.} 45. Kd3 Nd6 {[%emt 0:00:08] ...Bd8 is the strong threat.} 46. d5 $1 Bd8 47. Ne6 Be7 48. Nc7 Bd8 ({Better is} 48... f5 $15) 49. Ne6 $11 Be7 {[%emt 0:00:07] Weighted Error Value: White=0.11 (very precise) /Black=0.09 (flawless)} 1/2-1/2

[Event "Summer Chess Classic-A 2022"]
[Site "Saint Louis"]
[Date "2022.06.04"]
[Round "3.4"]
[White "Sevian, Samuel"]
[Black "Bjerre, Jonas Buhl"]
[Result "1/2-1/2"]
[ECO "A13"]
[WhiteElo "2703"]
[BlackElo "2610"]
[Annotator "TA"]
[PlyCount "80"]
[EventDate "2022.05.31"]
[EventType "tourn"]
[EventCountry "USA"]
[SourceTitle "playchess.com"]
[Source "ChessBase"]
[SourceQuality "1"]
[TimeControl "40/5400+30:1800+30"]

1. Nf3 Nf6 2. c4 e6 3. g3 d5 4. Bg2 d4 5. e3 c5 6. exd4 cxd4 7. O-O Nc6 8. d3 Bd6 {[%emt 0:01:53] A13: English Opening: 1...e6.} 9. Bg5 h6 10. Bxf6 Qxf6 11. Nbd2 Qe7 12. Re1 O-O 13. a3 a5 $1 {[%emt 0:00:48] Against b4} 14. Nb3 {[%emt 0:03:57] 14.Rc1 injects fresh life into this line.} Rd8 15. Nbxd4 (15. Nfxd4 {feels hotter.} Nxd4 16. Nxd4 Bxg3 17. hxg3 Rxd4 18. Qd2) 15... Nxd4 16. Nxd4 Bxg3 $1 17. hxg3 ({Not} 17. Nf5 {[#]} Bxf2+ $1 18. Kxf2 Qf6 $17) 17... Rxd4 {[%emt 0:00:06] [#]} 18. Qc2 $146 ({Predecessor:} 18. Re4 Rxe4 19. Bxe4 Bd7 20. d4 Bc6 21. Qf3 Bxe4 22. Qxe4 Qc7 23. d5 exd5 24. cxd5 {1-0 (47) Burmakin,V (2523)-Di Benedetto,D (2272) Cutro 2018}) 18... e5 19. f4 Bf5 20. Rxe5 Qf6 21. Rd1 {[%emt 0:01:54] [#] Hoping for Qc3.} Rad8 $1 22. Bd5 {[%emt 0:12:32] Threatens to win with Qc3.} Be6 23. Bxe6 fxe6 24. Re3 Qg6 25. Rf1 $1 h5 (25... Rxd3 $2 26. f5 Qxg3+ 27. Rxg3 $18) 26. Rff3 $36 {[%emt 0:02:14][%mdl 2048] White fights for an advantage.} h4 27. Qe2 Qg4 28. Qg2 R8d6 (28... Qf5 $14) 29. gxh4 $16 Rxf4 30. Rxf4 Qxf4 {[%emt 0:00:13][%mdl 4096] Endgame KQR-KQR} 31. Qg3 Qd4 (31... Qh6 $142) 32. Qe5 Qxe5 33. Rxe5 Rxd3 {[%emt 0:00:08] KR-KR} 34. Rb5 {[%emt 0:04:06] Prevents Rb3.} ({Don't do} 34. Rxe6 Rg3+ 35. Kf1 Rf3+ 36. Ke1 Rh3 $14) (34. Rxa5 $16 {Black must now prevent b4.} Rd1+ 35. Kf2) 34... Rd2 35. Rxb7 {[%emt 0:00:10] aiming for b4.} Rc2 36. Rb5 (36. b3 $14) 36... Rxc4 $11 {[%emt 0:00:22] The position is equal.} 37. b3 Rc1+ 38. Kf2 a4 39. bxa4 Rc3 40. a5 Rxa3 {[%emt 0:00:13] Weighted Error Value: White=0.14 (very precise) /Black=0.09 (flawless)} 1/2-1/2

[Event "Summer Chess Classic-A 2022"]
[Site "Saint Louis"]
[Date "2022.06.04"]
[Round "3.5"]
[White "Mishra, Abhimanyu"]
[Black "Hakobyan, Aram"]
[Result "1-0"]
[ECO "C54"]
[WhiteElo "2535"]
[BlackElo "2615"]
[Annotator "TA"]
[PlyCount "149"]
[EventDate "2022.05.31"]
[EventType "tourn"]
[EventCountry "USA"]
[SourceTitle "playchess.com"]
[Source "ChessBase"]
[SourceQuality "1"]
[TimeControl "40/5400+30:1800+30"]

1. e4 e5 2. Nf3 Nc6 3. Bc4 Bc5 4. c3 Nf6 5. d3 d6 6. O-O a6 7. a4 {[%emt 0:01:33] C54: Giuoco Piano: 4 c3 Nf6, main lines with 5 d4 and 5 d3.} Ba7 8. Re1 Ng4 9. Re2 {[%emt 0:01:50] The position is equal.} O-O 10. h3 Nf6 11. Re1 b5 {[%emt 0:01:20][%cal Bb7b5,Bb5b4][%mdl 32] 11...Be6 gains popularity.} 12. Ba2 b4 13. d4 a5 14. Be3 h6 (14... Nxe4 $2 15. Bd5 Bb7 16. Bxe4 $18) 15. Nbd2 Re8 16. Bc4 bxc3 17. bxc3 exd4 {[%emt 0:04:42] [#]} 18. Nxd4 $146 ({Predecessor:} 18. Bxd4 Ne5 19. Nxe5 dxe5 20. Bxa7 Rxa7 21. Qe2 Ra8 22. Red1 Qe7 23. Bb5 Bd7 24. Bxd7 {½-½ (22) Martucci,M (2177)-Popov,V (2248) LSS email 2018}) 18... Bd7 19. Rb1 Re7 20. Bb5 Nxd4 21. Bxd4 Re6 22. Qf3 c6 23. Bd3 Qc7 24. Qg3 Bxd4 25. cxd4 Rae8 26. f4 Qa7 27. Qf2 R6e7 28. e5 Nd5 29. Nc4 dxe5 30. fxe5 ({But not} 30. Rxe5 $6 f6 31. Rxe7 Rxe7 $11) 30... Be6 31. Nd6 Rb8 32. Kh2 {[%emt 0:02:06] 0x0.00207aaea47edp-1022s more active pieces.} Rb4 33. Rec1 Qb6 (33... Rc7 $142) 34. Qh4 $16 Rd7 35. Rf1 Qd8 36. Qe4 Rxd6 37. exd6 Qxd6+ 38. Qe5 {[%emt 0:00:54] Really sharp!} Qxe5+ 39. dxe5 g6 40. Rxb4 Nxb4 {[%emt 0:00:05][%mdl 4096] Endgame KRB-KBN} 41. Be4 Bb3 42. Rf3 Bxa4 43. Ra3 Bc2 (43... Bb5 $16 {keeps fighting.}) 44. Bxc2 $18 Nxc2 45. Rxa5 {[%emt 0:00:14] [#] Hoping for Ra4. KR-KN} Nd4 (45... Kf8 $142 46. Kg3 Ke7) 46. Rc5 {[%emt 0:04:09] And now Rc4 would win.} Kf8 47. Rc4 c5 (47... Ne2 {is a better defense.} 48. Rxc6 h5) 48. Rxc5 Ke7 49. Kg3 f6 $2 (49... Nf5+ $18 50. Kf4 Nd4 51. Rc7+ Ke8) 50. exf6+ Kxf6 51. Rd5 Ne6 52. Kf3 h5 53. Ra5 Ng5+ 54. Kf4 Ne6+ 55. Ke4 Ng5+ 56. Kd5 Kf5 57. Kd6+ Kf6 58. Ra4 {[%emt 0:01:54] [#] Threatening mate with Rf4+.} Nf7+ 59. Kd5 Nh6 60. Rf4+ (60. Ke4 $142 Kg5 61. Ra5+ Kf6 62. Ra6+ Kg5 63. Ke5 Nf5 64. Ke6 Ne3 65. Kf7) 60... Kg5 61. Ke5 {[%emt 0:01:42][%csl Gf4][%cal Rh3h4] White mates.} Nf5 62. Rf3 h4 63. Rf4 Nh6 64. Rd4 Nf7+ 65. Ke6 Nh6 66. Re4 Ng8 67. Kf7 Nh6+ 68. Kf8 Nf5 69. Re6 Nd4 70. Ra6 Kh5 71. Kg7 Nf5+ 72. Kh7 Ne3 73. Re6 Nd5 74. Re5+ g5 75. Rf5 {[%emt 0:00:27] Weighted Error Value: White=0.05 (flawless) /Black=0.53} 1-0

[Event "Summer Chess Classic-A 2022"]
[Site "Saint Louis"]
[Date "2022.06.05"]
[Round "4.2"]
[White "Bjerre, Jonas Buhl"]
[Black "Mishra, Abhimanyu"]
[Result "1/2-1/2"]
[ECO "D46"]
[WhiteElo "2610"]
[BlackElo "2535"]
[Annotator "TA"]
[PlyCount "116"]
[EventDate "2022.05.31"]
[EventType "tourn"]
[EventCountry "USA"]
[SourceTitle "playchess.com"]
[Source "ChessBase"]
[SourceQuality "1"]
[TimeControl "40/5400+30:1800+30"]

1. d4 d5 2. c4 c6 3. Nf3 Nf6 4. e3 e6 5. Bd3 dxc4 6. Bxc4 Nbd7 7. O-O Bd6 8. Nc3 b5 {[%emt 0:01:10] Nowadays more popular than 8...0-0. D46: Semi-Slav: 5 e3 Nbd7 6 Bd3, Black avoids the Meran.} 9. Bb3 b4 10. Na4 Bb7 {[%emt 0:00:28] White has an edge.} 11. Qe2 Qa5 {[%emt 0:01:55] [#]} 12. Nd2 $146 {[%emt 0:01:10][%cal Bf3d2,Bd2c4,Bc4d6][%mdl 32] With the idea Nc4.} (12. Rd1 $5 ) ({Predecessor:} 12. Rd1 Qh5 13. h3 g5 14. e4 g4 15. Ne5 Rg8 16. Nxd7 Nxd7 17. Nc5 Bxc5 18. dxc5 Ba6 19. Qxa6 {½-½ (19) Freeman,M (2530)-Krzyzanowski,W (2484) ICCF email 2018}) 12... O-O 13. e4 Ba6 14. Bc4 Bxc4 (14... Qxa4 15. Bxa6 e5 16. dxe5 Bxe5 17. f4 $14) 15. Nxc4 Qxa4 (15... Bxh2+ $11 16. Kxh2 Qxa4) 16. Nxd6 $14 c5 (16... b3 $14) 17. dxc5 Nxc5 18. Qc4 (18. Bf4 $16) 18... Qc6 19. Rd1 {[%emt 0:17:41] Black must now prevent Be3.} Rad8 20. e5 $36 {[%emt 0:02:25][%mdl 2048] Black is under strong pressure.} ({Much weaker is} 20. Be3 $6 Rxd6 21. Rxd6 (21. Bxc5 $2 Rxd1+ 22. Rxd1 Nxe4 $19) 21... Qxd6 $11) 20... Nd5 21. Bg5 $1 f6 22. Bh4 {[%emt 0:03:01] Threatens to win with Rac1. White is more active.} Rd7 (22... g5 $16 {might work better.}) 23. Rac1 $1 $18 Rc7 (23... fxe5 {is a better defense.} 24. Qxc5 (24. Ne4 Nb6 $11) 24... Qxd6) 24. Nb5 Nb6 25. Qxb4 a5 $2 (25... Rd7 26. exf6 Rxd1+ 27. Rxd1 Nd5) 26. Qxa5 Ra8 27. Qxa8+ Nxa8 $11 28. Nxc7 Nxc7 29. b4 Nd5 $1 30. Rxc5 Qa4 31. Rdc1 g5 32. Bg3 f5 {[%emt 0:00:01] aiming for ...f4.} 33. f3 {[%emt 0:04:37] And now b5 would win.} Qxb4 34. Bf2 Kf7 35. h3 h5 36. Rc8 Qa4 37. R1c2 f4 $2 (37... Qf4 $11 {and Black is okay.}) 38. Rb2 $1 $18 Kg6 39. Rg8+ Kf5 40. Re2 {[%emt 0:00:37] Prevents Ne3.} (40. Rf8+ $18 Kg6 41. Rbb8) 40... h4 $16 41. Rc8 {[%emt 0:04:51] Prevents Qc4.} Qd1+ 42. Re1 Qa4 43. Ra1 Qa3 {[%emt 0:08:29] Inhibits Rf8+.} 44. Rc2 Qd3 (44... Ne3 $14 45. Bxe3 fxe3) 45. Rcc1 $1 Qa3 46. Re1 ({White should play} 46. Bc5 $16 Qa5 47. Bd6) 46... Kg6 (46... Ne3 $14) 47. Re2 Kf5 48. Rae1 Qa4 49. Rd2 {[%emt 0:00:40][%cal Od2d5] Rxd5! is the strong threat.} Nc3 (49... Qa5 $142 50. Rb2 Qc3) 50. Kh2 Qa5 51. Rc2 Qa3 {[%emt 0:01:10] [#]} (51... Nd5 $16 {was called for.}) 52. Kg1 ({White should try} 52. Bc5 $1 $18 Qa5 53. Ra1 $1) 52... Nd5 {[%emt 0:00:56] [#]} 53. Bc5 (53. Rec1 $1 $16) 53... Qa4 (53... Qd3 $1 $14 54. Ree2 Kg6) 54. Ree2 Qb5 55. Bf2 Nc3 {[%emt 0:01:27] [#]} 56. Re1 (56. Red2 $1 $16 Nd5 57. Rd1) 56... Qd3 $11 {[%emt 0:01:50] The position is equal.} 57. Rb2 Nd1 $1 58. Rbe2 Nc3 $1 {[%emt 0:00:25] Weighted Error Value: White=0.30/Black=0.27 (precise)} 1/2-1/2

[Event "Summer Chess Classic-A 2022"]
[Site "Saint Louis"]
[Date "2022.06.05"]
[Round "4.3"]
[White "Gledura, Benjamin"]
[Black "Sevian, Samuel"]
[Result "1/2-1/2"]
[ECO "E36"]
[WhiteElo "2644"]
[BlackElo "2703"]
[Annotator "TA"]
[PlyCount "81"]
[EventDate "2022.05.31"]
[EventType "tourn"]
[EventCountry "USA"]
[SourceTitle "playchess.com"]
[Source "ChessBase"]
[SourceQuality "1"]
[TimeControl "40/5400+30:1800+30"]

1. d4 Nf6 2. c4 e6 3. Nc3 Bb4 4. Qc2 d5 5. a3 Bxc3+ 6. Qxc3 O-O 7. Bg5 h6 {[%emt 0:03:18] E36: Nimzo-Indian: Classical: 4...d5 5 a3.} 8. Bxf6 Qxf6 9. Nf3 dxc4 $1 {[%emt 0:01:33] The main line 9...dxc4 scores better than 9...c6.} 10. Qxc4 Nc6 11. Qc3 {[%emt 0:00:55] 11.e3 is vanishing.} Re8 12. Rd1 e5 13. d5 Nb8 14. e3 Bf5 15. Be2 Nd7 {[%emt 0:02:57] The position is equal.} 16. O-O Rac8 17. Bb5 a6 18. Bxd7 Bxd7 19. Nd2 {[%emt 0:00:09] [#]} Qg6 $146 {[%emt 0:04:06] [#] White must now prevent ...Bh3.} ({Predecessor:} 19... Bb5 20. Rfe1 e4 21. Rc1 Qf5 22. Qd4 Rcd8 23. Nb3 Rxd5 24. Qa7 Qh5 25. Nd4 Rg5 {0-1 (38) Braun,A (2609)-Svane,R (2615) Magdeburg 2021}) 20. f3 Rcd8 21. Nc4 Bb5 22. b3 c6 23. a4 ({Much worse is} 23. Nxe5 Qf6 24. Rfe1 Qxe5 $17) 23... cxd5 {[%emt 0:12:00] Hoping for ...Bxc4.} 24. Nxe5 Rxe5 25. Qxe5 Bxf1 26. Kxf1 $11 {[%emt 0:03:56][%mdl 4096] Endgame KQR-KQR} Qc2 27. Rxd5 Rc8 28. Qf5 Qxf5 ({Much less strong is} 28... Qc1+ 29. Kf2 $16) 29. Rxf5 {[%emt 0:00:09] KR-KR} Rc3 30. b4 Rxe3 31. Kf2 Rb3 32. b5 Ra3 33. bxa6 Rxa4 34. axb7 Rb4 35. Re5 {[%emt 0:00:22] [#] Re8+ is the strong threat.} Rxb7 36. h4 g6 37. g4 Kg7 38. g5 Rb4 39. Kg3 Rb1 40. Ra5 Rh1 41. Rb5 {[%emt 0:30:35] A balanced but interesting game.  Weighted Error Value: White=0.02 (flawless) /Black=0.01 (flawless)} 1/2-1/2

[Event "Summer Chess Classic-A 2022"]
[Site "Saint Louis"]
[Date "2022.06.05"]
[Round "4.4"]
[White "Oparin, Grigoriy"]
[Black "Theodorou, Nikolas"]
[Result "1/2-1/2"]
[ECO "C50"]
[WhiteElo "2685"]
[BlackElo "2567"]
[Annotator "TA"]
[PlyCount "88"]
[EventDate "2022.05.31"]
[EventType "tourn"]
[EventCountry "USA"]
[SourceTitle "playchess.com"]
[Source "ChessBase"]
[SourceQuality "1"]
[TimeControl "40/5400+30:1800+30"]

1. e4 e5 2. Nf3 Nc6 3. Bc4 Nf6 4. d3 Bc5 5. Nc3 O-O 6. h3 Na5 {[%emt 0:07:48] C50: Hungarian Defence and Giuoco Pianissimo.} 7. Bb3 {[%emt 0:09:27] [#]} (7. Nxe5 {seems wilder.} Qe7 8. Bxf7+ Rxf7 9. Nxf7 Qxf7 10. O-O) 7... Nxb3 $146 ({Predecessor:} 7... d6 8. O-O h6 9. Qe2 a6 10. Be3 Bxe3 11. Qxe3 Bd7 12. d4 exd4 13. Qxd4 c5 14. Qd3 {½-½ (33) Jemec,V (2420)-Jean,P (2154) ICCF email 2015}) 8. axb3 d5 9. Bg5 {[%emt 0:05:12] Hoping for Nxd5.} dxe4 10. Nxe4 Be7 11. Bxf6 Bxf6 12. O-O Re8 13. Re1 Bf5 14. Ra5 Bxe4 15. Rxe4 Re6 16. Qe2 (16. Nxe5 b6 17. Nxf7 Kxf7 18. Qh5+ Kg8 19. Rxe6 bxa5 $17) 16... Qe8 17. h4 ({Not} 17. Nxe5 $2 b6 18. Rd5 c6 19. Nxc6 Qxc6 $19) 17... a6 18. Ng5 ({Don't go for} 18. Nxe5 $2 b6 19. Rd5 c6 20. Nxc6 Qxc6 $19) 18... Re7 19. Re3 b6 20. Ra4 g6 $1 21. Nf3 (21. Qf3 {with more complications.} Bg7 22. g4 Qf8 23. Qh3) 21... Qc6 22. Rae4 Rae8 23. g4 Bg7 24. g5 Re6 25. b4 (25. h5 $5 ) 25... Qd6 26. c3 h5 27. Kg2 (27. gxh6 $5 Bxh6 28. Ng5 $14) 27... Qd5 28. Kg1 Qd6 29. Nd2 Qd5 30. Nf3 Qd6 31. Qe1 Qd5 32. Qa1 Qb7 33. Qa2 Kh7 34. Qc4 R8e7 35. b5 axb5 36. Qxb5 Qa8 37. Re1 (37. Nxe5 $2 Rxe5 38. Rxe5 Rxe5 39. Rxe5 c6 40. Qxb6 Bxe5 $19) 37... Qc8 38. Qc4 ({Don't blunder} 38. Nxe5 $2 Rxe5 39. Rxe5 Qg4+ 40. Kf1 Qh3+ 41. Kg1 Qg4+ 42. Kf1 Qh3+ 43. Kg1 Qg4+ $19) 38... Qd7 39. R1e3 Qd8 40. b4 c6 41. Qa2 Qd5 42. Qe2 Qb3 43. Qe1 Rd7 44. Kg2 Qc2 {[%emt 0:03:37] Weighted Error Value: White=0.05 (flawless) /Black=0.05 (flawless)} 1/2-1/2